 Dungeon Crawl Stone Soup version 0.21.1-1-g345015f (webtiles) character file.

2634 CougarLife the Cleaver (level 9, -4/85 HPs)
             Began as a Minotaur Fighter on May 30, 2018.
             Slain by a slime creature (7 damage)
             ... on level 6 of the Dungeon.
             The game lasted 00:12:10 (7599 turns).

CougarLife the Cleaver (Minotaur Fighter)           Turns: 7599, Time: 00:12:11

Health: -4/85      AC: 11    Str: 22    XL:     9   Next: 35%
Magic:  8/8        EV: 10    Int:  7    God:
Gold:   357        SH: 10    Dex: 10    Spells: 8/8 levels left

rFire    . . .     SeeInvis .   a - +0 war axe
rCold    . . .     Gourm    .   c - +0 shield
rNeg     . . .     Faith    .   b - +0 scale mail
rPois    .         Spirit   .   (helmet restricted)
rElec    .         Reflect  .   s - +0 cloak
rCorr    .         Harm     .   g - +2 pair of gloves
MR       .....                  (no boots)
Stlth    ..........             (no amulet)
HPRegen  0.24/turn              (no ring)
MPRegen  0.11/turn              (no ring)

@: no status effects
A: retaliatory headbutt, horns 2
a: no special abilities


You were on level 6 of the Dungeon.
You were not hungry.

You visited 1 branch of the dungeon, and saw 6 of its levels.

You collected 357 gold pieces.

Inventory:

Hand Weapons
 a - a +0 war axe (weapon)
Armour
 b - a +0 scale mail (worn)
 c - a +0 shield (worn)
 g - a +2 pair of gloves (worn)
 s - a +0 cloak (worn)
Wands
 q - a wand of polymorph (23)
 x - a wand of acid (11)
Scrolls
 e - 4 scrolls of fear
 h - 4 scrolls of teleportation
 i - 3 scrolls of remove curse
 j - 2 scrolls of immolation {unknown}
 m - 5 scrolls of amnesia
 r - a scroll of random uselessness {unknown}
 t - a scroll of enchant armour {unknown}
 y - a scroll of noise {unknown}
 A - a scroll of identify
Potions
 d - a potion of lignification {unknown}
 k - 3 potions of curing
 l - a potion of haste {unknown}
 n - 2 potions of brilliance
 o - 2 potions of mutation {unknown}
 p - a potion of cancellation {unknown}
 u - a potion of agility {unknown}
 v - 3 potions of magic
 w - a potion of degeneration {unknown}
 z - a potion of flight {unknown}
 B - a potion of invisibility {unknown}
Comestibles
 f - 12 rations
 C - 2 chunks of flesh


   Skills:
 + Level 9.7 Fighting
 + Level 9.7 Axes
 - Level 5.1 Armour
 - Level 5.4 Dodging
 - Level 5.1 Shields


You had 8 spell levels left.
You didn't know any spells.

Dungeon Overview and Level Annotations

Branches:
Dungeon (6/15)
 Temple: D:4-7

Altars:
Trog


Innate Abilities, Weirdness & Mutations

You reflexively headbutt those who attack you in melee.
You have a pair of horns on your head.


Message History

* * * LOW HITPOINT WARNING * * *
You are too injured to fight recklessly!
You are too injured to fight recklessly!
You are too injured to fight recklessly!
You are too injured to fight recklessly!
You hit the slime creature.
The slime creature is almost dead.
Your shield prevents you from hitting the slime creature.
The slime creature hits you.
* * * LOW HITPOINT WARNING * * *
The slime creature hits you.
* * * LOW HITPOINT WARNING * * *
You slash the slime creature!
You kill the slime creature!
You slash the slime creature! The slime creature hits you.
* * * LOW HITPOINT WARNING * * *
You are no longer corroded.
You block the slime creature's attack. The slime creature hits you!
You die...

#........## #.................#
#.........# #.................#
#..#......###.................#
#..##.....##............).....#
##..###...#.#.................#
# #..#
####..#..................
####.(#
##..###................#
..##..####..##
#........(......##
...#...##..##
#@...))###'''##### .......#..##
#.J..(####J..## # .........##
#.....###.....#### ........##
##....##.......##. .......##
####.##.......##. .......##
####.......##. ........# #####
#.).....##. ........# ##...####
####....### #.......#
##.......###J.'....# #


You could see a slime creature.

Vanquished Creatures
  The ghost of CougarLife the Ruffian, an amateur TrMo (D:4)
  2 slime creatures (D:6)
  Duvessa (D:6)
  An orc warrior (D:6)
  An ice beast (D:6)
  A sky beast (D:6)
  2 ogres
  A phantom (D:6)
  2 centaurs
  2 big kobolds (D:6)
  Dowan (D:6)
  2 water moccasin skeletons (D:4)
  2 scorpions
  2 crimson imps
  A bullfrog zombie (D:5)
  5 hounds
  3 jellies
  3 orc wizards
  Crazy Yiuf (D:2)
  4 worker ants
  7 adders
  7 oozes
  An adder zombie (D:6)
  5 dart slugs
  6 leopard geckos
  25 orcs
  A ball python (D:2)
  5 giant cockroaches
  7 goblins
  4 hobgoblins
  22 jackals
  15 kobolds
  A quokka (D:5)
  12 bats
  10 frilled lizards
  2 quokka skeletons (D:6)
  11 rats
179 creatures vanquished.

Vanquished Creatures (others)
  A leopard gecko (D:5)
  2 fungi (D:6)
  11 toadstools (D:6)
14 creatures vanquished.

Grand Total: 193 creatures vanquished

Notes
Turn   | Place    | Note
-------+----------+-------------------------------------------
     0 | D:1      | CougarLife the Minotaur Fighter began the quest for the Orb.
     0 | D:1      | Reached XP level 1. HP: 19/19 MP: 0/0
    34 | D:1      | Reached XP level 2. HP: 21/26 MP: 1/1
   294 | D:1      | Reached XP level 3. HP: 27/33 MP: 2/2
   848 | D:2      | Found a runed door.
   983 | D:2      | Reached XP level 4. HP: 35/41 MP: 3/3
  1794 | D:2      | Noticed Crazy Yiuf
  1806 | D:2      | Killed Crazy Yiuf
  1806 | D:2      | Reached skill level 5 in Axes
  2123 | D:3      | Reached skill level 5 in Fighting
  2447 | D:3      | Reached XP level 5. HP: 46/48 MP: 4/4
  2934 | D:3      | Found a bloodstained altar of Trog.
  3554 | D:4      | Reached XP level 6. HP: 50/56 MP: 5/5
  3658 | D:4      | Reached skill level 5 in Armour
  3658 | D:4      | Reached skill level 5 in Shields
  4005 | D:4      | Noticed CougarLife's ghost (amateur TrMo)
  4018 | D:4      | Killed CougarLife's ghost
  4018 | D:4      | Reached skill level 5 in Dodging
  4018 | D:4      | Reached XP level 7. HP: 23/61 MP: 6/6
  4243 | D:4      | Found a bloodstained altar of Trog.
  4966 | D:5      | Entered Level 5 of the Dungeon
  5528 | D:5      | Reached XP level 8. HP: 60/70 MP: 7/7
  6909 | D:6      | Reached XP level 9. HP: 66/82 MP: 8/8
  7382 | D:6      | Noticed Dowan
  7383 | D:6      | Noticed Duvessa
  7399 | D:6      | Killed Duvessa
  7400 | D:6      | Killed Dowan
  7589 | D:6      | HP: 1/85 [slime creature (5)]
  7599 | D:6      | Slain by a slime creature

Skill      XL: |  1  2  3  4  5  6  7  8  9 |
---------------+----------------------------+-----
Axes           | 3 4 5 6 8 9 |  9.7
Fighting       | 4 5 6 8 9 |  9.7
Armour         | 4 5 |  5.1
Shields        | 4 5 |  5.1
Dodging        | 5 |  5.4

Action                   |  1- 3 |  4- 6 |  7- 9 || total
-------------------------+-------+-------+-------++-------
Melee: War axe           |   113 |   177 |   226 ||   516
       Headbutt          |    13 |    26 |    41 ||    80
  Use: Scroll            |       |     3 |     4 ||     7
       Potion            |       |     3 |       ||     3
  Eat: Chunk             |     1 |     9 |    12 ||    22
Armor: Scale mail        |    60 |    71 |    81 ||   212
       Skin              |       |     2 |       ||     2
Dodge: Dodged            |    35 |    50 |    79 ||   164
Block: Shield            |    62 |    82 |   114 ||   258
